 Dungeon Crawl Stone Soup version 0.22-a0-292-g0df9d5f (webtiles) character file.

742 Amnesiac the Gusty (level 7, -1/50 HPs)
             Began as a Demigod Air Elementalist on Mar 23, 2018.
             Slain by an orc warrior
             ... wielding a +2 war axe of flaming
              (8 damage)
             ... on level 6 of the Dungeon.
             The game lasted 00:06:43 (4898 turns).

Amnesiac the Gusty (Demigod Air Elementalist)       Turns: 4898, Time: 00:06:44

Health: -1/50      AC:  5    Str: 11    XL:     7   Next: 22%
Magic:  3/18       EV: 13    Int: 23    God:
Gold:   287        SH:  0    Dex: 16    Spells: 6/16 levels left

rFire    . . .     SeeInvis +   h - +2 dagger (freeze)
rCold    . . .     Gourm    .   (no shield)
rNeg     . . .     Faith    .   n - +1 animal skin
rPois    .         Spirit   .   k - +0 helmet
rElec    .         Reflect  .   (no cloak)
rCorr    .         Harm     .   (no gloves)
MR       .....                  g - +0 pair of boots
Stlth    ++........             (no amulet)
HPRegen  0.16/turn              d - +1 ring of evasion
MPRegen  0.16/turn              r - ring of see invisible

@: very slightly contaminated, invisible
A: high mp 1
a: no special abilities


You were on level 6 of the Dungeon.
You were hungry.

You visited 1 branch of the dungeon, and saw 6 of its levels.

You collected 287 gold pieces.

Inventory:

Hand Weapons
 h - a +2 dagger of freezing (weapon)
Missiles
 t - 4 curare-tipped needles
Armour
 g - a +0 pair of boots (worn)
 i - a +0 pair of gloves
 k - a +0 helmet (worn)
 n - a +1 animal skin (worn)
Jewellery
 d - a +1 ring of evasion (left hand)
 r - a ring of see invisible (right hand)
Scrolls
 j - a scroll of enchant weapon {!r}
 o - 2 scrolls of random uselessness {!r, unknown}
 q - 2 scrolls of magic mapping {!r, unknown}
 u - 3 scrolls of identify {!r}
 v - a scroll of blinking {!r, unknown}
Potions
 a - 3 potions of curing {!q, unknown}
 b - 3 potions of degeneration {!q, unknown}
 e - 2 potions of lignification {!q, unknown}
 f - a potion of mutation {!q, unknown}
 l - 2 potions of berserk rage {!q, unknown}
 m - 2 potions of flight {!q, unknown}
 p - a potion of magic {!q, unknown}
Comestibles
 c - 14 rations


   Skills:
 - Level 1.7 Dodging
 - Level 1.7 Stealth
 + Level 5.2 Spellcasting
 - Level 0.8 Conjurations
 + Level 6.0 Air Magic


You had 6 spell levels left.
You knew the following spells:

 Your Spells              Type           Power        Failure   Level  Hunger
a - Shock                 Conj/Air       ###.         2%          1    None
b - Lightning Bolt        Conj/Air       ###.......   52%         5    #####..
d - Airstrike             Air            ####......   8%          4    ####...


Dungeon Overview and Level Annotations

Branches:
Dungeon (6/15)
 Temple: D:4-7


Innate Abilities, Weirdness & Mutations

You have an increased reservoir of magic. (+10% MP)


Message History

You miscast Lightning Bolt.
You are very lightly contaminated with residual magic.
Nothing appears to happen.
Casting: Lightning Bolt (very dangerous; 52% risk of failure)
Confirm with . or Enter, or press ? or * to list all spells.
Aiming: Airstrike (safe; 8% risk of failure)
Press: ? - help, Dir - move target cursor, f - orc warrior
Aim: an orc warrior, wielding a war axe of flaming and wearing a plate armour The air twists around and strikes the orc warrior!
The orc warrior is lightly wounded.
You are feeling hungry.
Casting: Airstrike (safe; 8% risk of failure)
Confirm with . or Enter, or press ? or * to list all spells.
Aiming: Airstrike (safe; 8% risk of failure)
Press: ? - help, Dir - move target cursor, f/p - orc warrior
Aim: an orc warrior, wielding a war axe of flaming and wearing a plate armour (lightly wounded)
The air twists around and strikes the orc warrior!
The orc warrior is moderately wounded.
An orc comes into view. It is wielding a mace.
Casting: Airstrike (safe; 8% risk of failure)
Confirm with . or Enter, or press ? or * to list all spells.
Aiming: Airstrike (safe; 8% risk of failure)
Press: ? - help, Dir - move target cursor, f/p - orc warrior
Aim: an orc warrior, wielding a war axe of flaming and wearing a plate armour (lightly wounded)
You miscast Airstrike.
Wisps of vapour drift from your hands.
Casting: Airstrike (safe; 8% risk of failure)
Confirm with . or Enter, or press ? or * to list all spells.
Aiming: Shock (safe; 2% risk of failure)
Press: ? - help, Shift-Dir - straight line, f/p - orc warrior
Aim: an orc warrior, wielding a war axe of flaming and wearing a plate armour (lightly wounded)
The zap hits the orc warrior.
The orc warrior is moderately wounded.
The zap misses the orc warrior.
Unknown command.
Casting: Shock (safe; 2% risk of failure)
Confirm with . or Enter, or press ? or * to list all spells.
Aiming: Shock (safe; 2% risk of failure)
Press: ? - help, Shift-Dir - straight line, f/p - orc warrior
Aim: an orc warrior, wielding a war axe of flaming and wearing a plate armour (moderately wounded)
The zap hits the orc warrior.
The orc warrior is heavily wounded.
The zap hits the orc warrior.
The orc warrior is heavily wounded.
The orc warrior barely misses you.
Unknown command.
A jackal comes into view.
Really read
u - 4 scrolls labeled FOKLABOQIE {!r}?
As you read the scroll labeled FOKLABOQIE {!r}, it crumbles to dust.
It is a scroll of identify.
s - a potion of invisibility {!q} The orc warrior barely misses you.
Really quaff
s - a potion of invisibility {!q}?
You fade into invisibility!
The jackal misses you.
The orc warrior hits you with a war axe of flaming!!
The orc warrior burns you.
* * * LOW HITPOINT WARNING * * *
The jackal barely misses you.
You hear a bark!
You hit the jackal but do no damage. The jackal barely misses you.
The orc warrior hits you with a war axe of flaming!!
* * * LOW HITPOINT WARNING * * *
The orc warrior burns you!
You die...

##########
#........#
........###
..........##########
#........oo@h..# .
#..##...######.#
.#####..####.#
........# #.#
....###o# #.. .##.#
#.# #### #.###.#
#.....# #######


You could see an orc warrior, an orc wizard and a jackal.

Vanquished Creatures
  Grinder (D:5)
  An ogre (D:5)
  A scorpion (D:5)
  A howler monkey (D:4)
  A crimson imp (D:5)
  An orc wizard (D:5)
  3 worker ants
  A hound skeleton (D:4)
  Robin (D:2)
  9 adders
  An ooze (D:3)
  3 worms
  2 dart slugs (D:2)
  2 leopard geckos
  11 orcs
  A ball python (D:5)
  10 bats
  7 giant cockroaches
  13 goblins
  6 hobgoblins
  7 jackals (D:3)
  3 quokkas
  2 frilled lizards (D:3)
  5 kobolds
  A leopard gecko skeleton (D:4)
  A quokka skeleton (D:4)
  8 rats
103 creatures vanquished.

Notes
Turn   | Place    | Note
-------+----------+-------------------------------------------
     0 | D:1      | Amnesiac the Demigod Air Elementalist began the quest for the Orb.
     0 | D:1      | Reached XP level 1. HP: 14/14 MP: 5/5
   231 | D:1      | Reached skill level 3 in Air Magic
   367 | D:1      | Reached XP level 2. HP: 20/20 MP: 4/7
   755 | D:2      | Noticed Robin
   795 | D:2      | Killed Robin
   816 | D:1      | Reached XP level 3. HP: 7/26 MP: 0/9
  1245 | D:2      | Found a stormy altar of Qazlal.
  1725 | D:2      | Reached XP level 4. HP: 33/33 MP: 8/11
  2001 | D:3      | Reached skill level 4 in Air Magic
  2157 | D:3      | Learned a level 4 spell: Airstrike
  2407 | D:3      | Found a shadowy altar of Dithmenos.
  2682 | D:3      | Found a sparkling altar of Nemelex Xobeh.
  2870 | D:4      | Reached XP level 5. HP: 38/38 MP: 9/13
  4085 | D:5      | Entered Level 5 of the Dungeon
  4145 | D:5      | Noticed an ogre
  4159 | D:5      | Killed an ogre
  4159 | D:5      | Reached skill level 5 in Air Magic
  4159 | D:5      | Reached XP level 6. HP: 45/45 MP: 0/15
  4476 | D:5      | Noticed Grinder
  4496 | D:5      | Paralysed by Grinder for 7 turns
  4504 | D:5      | Killed Grinder
  4504 | D:5      | Reached skill level 5 in Spellcasting
  4504 | D:5      | Reached XP level 7. HP: 31/50 MP: 1/18
  4653 | D:5      | Found a white marble altar of Elyvilon.
  4829 | D:4      | Reached skill level 6 in Air Magic
  4866 | D:5      | Learned a level 5 spell: Lightning Bolt
  4898 | D:6      | Slain by an orc warrior

Vault maps used:
D:1:      minmay_arrival_jagged, minmay_misc_feat_plants
D:2:      grunt_qazlal_clouds, first_ration, uniq_robin
D:3:      lemuel_round_altar, grunt_dithmenos_smoke
D:5:      hangedman_decor_slide_cut, elyvilon_altar_3, uniq_grinder
D:6:      tso_metal_star, chequers_temple_overflow_statue_of_worship,
          minmay_temple_entry_nine_rooms

Skill      XL: |  1  2  3  4  5  6  7 |
---------------+----------------------+-----
Spellcasting   | 2 3 4 5 |  5.2
Air Magic      | 3 4 5 6 |  6.0
Dodging        | |  1.7
Stealth        | |  1.7
Conjurations   | |  0.8

Action                   |  1- 3 |  4- 6 |  7- 9 || total
-------------------------+-------+-------+-------++-------
Melee: Dagger            |    10 |       |     1 ||    11
 Cast: Shock             |    93 |   160 |    15 ||   268
       Airstrike         |       |     4 |     2 ||     6
  Use: Scroll            |     3 |     5 |     1 ||     9
       Potion            |       |       |     1 ||     1
  Eat: Chunk             |     3 |     8 |     2 ||    13
Armor: Robe              |     2 |       |       ||     2
       Animal skin       |     1 |    12 |     1 ||    14
Dodge: Dodged            |    16 |    19 |    11 ||    46

Table legend:
 A = Spawn XP
 B = Non-spawn XP
 C = Spawn XP percentage of total XP
 D = Spawn monster count
 E = Non-spawn monster count
 F = Spawn count percentage of total count
 G = Total turns spent on level
                    A         B        C        D         E        F      G
               +---------+---------+-------+---------+---------+-------+---------
         Total |       0 |    1061 |   0.0 |       0 |     103 |   0.0 |  4898
               +---------+---------+-------+---------+---------+-------+---------
           D:1 |       0 |      27 |   0.0 |       0 |      15 |   0.0 |   939
           D:2 |       0 |     120 |   0.0 |       0 |      31 |   0.0 |  1036
           D:3 |       0 |      81 |   0.0 |       0 |      26 |   0.0 |   826
           D:4 |       0 |     216 |   0.0 |       0 |      21 |   0.0 |  1321
           D:5 |       0 |     617 |   0.0 |       0 |      10 |   0.0 |   748
               +---------+---------+-------+---------+---------+-------+---------
